 Dungeon Crawl Stone Soup version 0.28.0-43-g3370ac3207 (webtiles) character file.

Game seed: 5101982655250391688

41 jimonade the Vexing (level 3, 0/31 HPs)
             Began as a Gnoll Wanderer on Mar 13, 2022.
             Slain by a worm (9 damage)
             ... on level 2 of the Dungeon.
             The game lasted 00:05:04 (2192 turns).

jimonade the Vexing (Gnoll Wanderer)                Turns: 2192, Time: 00:05:05

Health: 0/31       AC:  9    Str: 14    XL:     3   Next: 52%
Magic:  7/7        EV:  6    Int: 11    God:
Gold:   51         SH:  0    Dex: 10    Spells: 6/7 levels left

rFire   . . .      SeeInvis .   a - +0 dagger
rCold   . . .      Faith    .   (no shield)
rNeg    . . .      Spirit   .   k - +0 chain mail
rPois   .          Reflect  .   (no helmet)
rElec   .          Harm     .   (no cloak)
rCorr   .          Rampage  .   (no gloves)
Will    .....                   (no boots)
Stlth   ..........              (no amulet)
HPRegen 0.10/turn               (no ring)
MPRegen 0.10/turn               (no ring)

@: no status effects
A: fangs 1, strong nose, distributed training
a: no special abilities


You were on level 2 of the Dungeon.
You visited 1 branch of the dungeon, and saw 2 of its levels.

You collected 51 gold pieces.

Inventory:

Hand Weapons
 a - a +0 dagger (weapon)
Missiles
 b - 16 poisoned darts
 l - 25 stones (quivered)
Armour
 d - a +0 leather armour
 f - a +0 leather armour
 k - a +0 chain mail (worn)
Scrolls
 c - a scroll of fog
 e - 2 scrolls of teleportation {unknown}
 g - 2 scrolls of vulnerability {unknown}
 h - 3 scrolls of identify {unknown}
 i - a scroll of fear {unknown}
Potions
 j - a potion of berserk rage {unknown}


   Skills:
 + Level 4.5 Fighting
 + Level 0.8 Short Blades
 + Level 0.8 Long Blades
 + Level 0.8 Axes
 + Level 0.8 Maces & Flails
 + Level 0.8 Polearms
 + Level 0.8 Staves
 + Level 0.8 Slings
 + Level 0.8 Bows
 + Level 0.8 Crossbows
 + Level 2.6 Throwing
 + Level 4.5 Armour
 + Level 0.8 Dodging
 + Level 2.4 Stealth
 + Level 0.8 Shields
 + Level 0.8 Unarmed Combat
 + Level 2.8 Spellcasting
 + Level 0.5 Conjurations
 + Level 5.4 Hexes
 + Level 0.5 Summonings
 + Level 0.5 Necromancy
 + Level 0.5 Translocations
 + Level 0.5 Transmutations
 + Level 0.5 Fire Magic
 + Level 0.5 Ice Magic
 + Level 0.5 Air Magic
 + Level 0.5 Earth Magic
 + Level 0.5 Poison Magic
 + Level 1.0 Invocations
 + Level 0.8 Evocations


You had 6 spell levels left.
You knew the following spells:

 Your Spells              Type           Power      Damage    Failure   Level
a - Slow                  Hex            52%        N/A       54%         1

Your spell library contained the following spells:

 Spells                   Type           Power      Damage    Failure   Level
 Inner Flame              Hex/Fire       8%         N/A       99%         3
 Anguish                  Hex/Necr       4%         N/A       100%        4


Dungeon Overview and Level Annotations

Branches:
Dungeon (2/15)

Altars:

Shops:
D:1 ([(*


Innate Abilities, Weirdness & Mutations

You have very sharp teeth.
Your uncanny sense of smell can sniff out nearby items.
Your experience applies equally to all skills.


Message History

The worm is moderately wounded.
The worm bites you but does no damage.
You hit the worm. Your bite misses the worm.
The worm is moderately wounded.
You hit the worm.
The worm is moderately wounded.
The worm bites you but does no damage.
You hit the worm but do no damage.
The worm is moderately wounded.
You barely miss the worm.
The worm is moderately wounded.
The worm bites you but does no damage.
You barely miss the worm.
The worm is moderately wounded.
You hit the worm but do no damage.
The worm is moderately wounded.
The worm bites you but does no damage.
You hit the worm.
The worm is moderately wounded.
You barely miss the worm. You bite the worm, but do no damage.
The worm is moderately wounded.
The worm bites you.
You hit the worm. You bite the worm.
The worm is heavily wounded.
The worm barely misses you.
You hit the worm.
The worm is heavily wounded.
You hit the worm.
The worm is heavily wounded.
The worm bites you.
* * * LOW HITPOINT WARNING * * *
You hit the worm but do no damage.
The worm is heavily wounded.
You barely miss the worm.
The worm is heavily wounded.
The worm completely misses you.
You hit the worm but do no damage.
The worm is heavily wounded.
The worm bites you!
You die...

..# #............#
#.##.# ..#
#........#######.##.#
..#
#................##.#
..#
#........##########.#
..# #........# #.# ..#
#........# #.#
#........# #.#
###################.#
#.....w@)).......#
#######...†.############
#...........#
#...........#
#...........#
#......###+####
#..............
#####..........
#.###.............


You could see a worm.

Vanquished Creatures
  3 dart slugs
  4 endoplasms
  4 giant cockroaches
  4 goblins
  3 hobgoblins
  7 kobolds
  A quokka (D:1)
  2 ball pythons
  2 bats (D:2)
  A frilled lizard (D:1)
31 creatures vanquished.

Vanquished Creatures (others)
  3 fungi (D:1)
3 creatures vanquished.

Grand Total: 34 creatures vanquished

Notes
Turn   | Place    | Note
-------+----------+-------------------------------------------
     0 | D:1      | jimonade the Gnoll Wanderer began the quest for the Orb.
     0 | D:1      | jimonade set off with the following items: a +0 dagger, 11
                  | poisoned darts, a scroll of fog, a +0 leather armour; and
                  | the following spell memorised: Slow; and the following
                  | spells available to memorise: Inner Flame, Anguish
     0 | D:1      | Reached XP level 1. HP: 20/20 MP: 4/4
     8 | D:1      | Found Tuotol's Antique Armour Boutique.
   514 | D:1      | Reached XP level 2. HP: 11/26 MP: 5/5
  1063 | D:1      | Found Tonegyadaf's General Store.
  1080 | D:1      | Found Gyunait's Weapon Boutique.
  1235 | D:1      | Found Qulaemem's Weapon Boutique.
  1526 | D:1      | Found a faded altar of an unknown god.
  1679 | D:2      | Reached XP level 3. HP: 22/31 MP: 7/7
  2130 | D:2      | Reached skill level 1 in Invocations
  2192 | D:2      | Slain by a worm

Illustrated notes

Levels and vault maps discovered:
D:1:      dpeg_arrival_radiant, layout_rooms, serial_shops, shop_fountains,
          nicolae_shop_behind_doors, nicolae_shop_bloodbath_and_beyond,
          nicolae_shop_trees, shapermc_ecumenical_altar_mp_urbaneastern,
          minivault_26
D:2:      layout_basic

Skill      XL: |  1  2  3 |
---------------+----------+-----
Invocations    | 1 |  1.0
Fighting       | |  4.5
Short Blades   | |  0.8
Long Blades    | |  0.8
Axes           | |  0.8
Maces & Flails | |  0.8
Polearms       | |  0.8
Staves         | |  0.8
Slings         | |  0.8
Bows           | |  0.8
Crossbows      | |  0.8
Throwing       | |  2.6
Armour         | |  4.5
Dodging        | |  0.8
Stealth        | |  2.4
Shields        | |  0.8
Unarmed Combat | |  0.8
Spellcasting   | |  2.8
Conjurations   | |  0.5
Hexes          | |  5.4
Summonings     | |  0.5
Necromancy     | |  0.5
Translocations | |  0.5
Transmutations | |  0.5
Fire Magic     | |  0.5
Ice Magic      | |  0.5
Air Magic      | |  0.5
Earth Magic    | |  0.5
Poison Magic   | |  0.5
Evocations     | |  0.8

Action                   || total
-------------------------++-------
Melee: Dagger            ||   194
       Bite              ||    28
       Punch             ||     4
Throw: Stone             ||    18
Armor: Leather armour    ||    18
       Chain mail        ||    56
Dodge: Dodged            ||    86
